 Dungeon Sprint DCSS version 0.27-a0-1502-g47ed6a6988 (webtiles) character file.

Game seed: 12568417250953943537

114 mhtbhm the Shield-Bearer (level 4, 0/67 HPs)
             Began as a Minotaur Fighter on July 8, 2021.
             Was an Initiate of Qazlal.
             Succumbed to a scorpion's poison
             ... in the Dungeon (Sprint VII: "The Pits").
             The game lasted 00:00:34 (93 turns).

mhtbhm the Shield-Bearer (Minotaur Fighter)           Turns: 93, Time: 00:00:34

Health: 0/67       AC:  7    Str: 22    XL:     4   Next: 67%
Magic:  3/3        EV:  8    Int:  5    God:    Qazlal [......]
Gold:   0          SH: 10    Dex:  9    Spells: 3/3 levels left

rFire    . . .     SeeInvis .   a - +2 hand axe
rCold    . . .     Faith    .   c - +0 kite shield
rNeg     . . .     Spirit   .   b - +0 scale mail
rPois    .         Reflect  .   (helmet restricted)
rElec    .         Harm     .   (no cloak)
rCorr    .         Rampage  .   (no gloves)
Will     .....     NoTele   +   (no boots)
Stlth    ..........             (no amulet)
HPRegen  0.21/turn              (no ring)
MPRegen  0.08/turn              (no ring)

@: berserking (expiring), lethally poisoned (0 -> -12), very quick
A: horns 2, retaliatory headbutt
a: Renounce Religion


You were in the Dungeon.
You worshipped Qazlal.
Qazlal was noncommittal.
You visited 1 branch

Inventory:

Hand Weapons
 a - a +2 hand axe (weapon)
Armour
 b - a +0 scale mail (worn)
 c - a +0 kite shield (worn)
Scrolls
 j - a scroll of blinking
 l - 5 scrolls of amnesia
 m - a scroll of summoning
Potions
 d - a potion of might
 e - a potion of curing
 f - a potion of heal wounds
 g - a potion of haste
 h - 4 potions of magic
 i - 2 potions of berserk rage
 k - 2 potions of invisibility


   Skills:
 + Level 6.9 Fighting
 + Level 4.2 Axes
 + Level 7.1 Armour
 + Level 7.2 Shields


You had 3 spell levels left.
You didn't know any spells.
Your spell library was empty.

Dungeon Overview and Level Annotations

Branches:
Dungeon (1/1)

Altars:
Ashenzari
Cheibriados
Dithmenos
Elyvilon
Fedhas
Gozag
Hepliaklqana
Kikubaaqudgha
Makhleb
Nemelex Xobeh
Okawaru
Qazlal
Ru
Sif Muna
Trog
Uskayaw
Vehumet
Wu Jian
Xom
Yredelemnul
Zin
The Shining One
Beogh
Jiyva
Lugonu


Innate Abilities, Weirdness & Mutations

You have a pair of horns on your head.
You reflexively headbutt those who attack you in melee.


Message History

You feel very sick.
The scorpion stings you but does no damage.
You block the scorpion's attack.
Your Fighting skill gained 2 levels and is now at level 5!
Your Axes skill increases to level 3!
Your Armour skill gained 3 levels and is now at level 6!
Your Shields skill gained 3 levels and is now at level 6!
You have reached level 2!
You have reached level 3!
Your experience leads to an increase in your attributes!
Increase (S)trength, (I)ntelligence, or (D)exterity?
You feel stronger.
Unknown command.
You completely miss the scorpion.
The scorpion is lightly wounded.
You feel very sick. The scorpion stings you.
* * * LOW HITPOINT WARNING * * *
You are lethally poisoned!
The scorpion poisons you!
Unknown command.
You slash the scorpion!
The scorpion is severely wounded.
* * * LOW HITPOINT WARNING * * *
You feel very sick. You block the scorpion's attack.
You hit the scorpion.
You kill the scorpion!
Qazlal accepts your kill.
* * * LOW HITPOINT WARNING * * *
You feel very sick.
Your Fighting skill increases to level 6!
Your Axes skill increases to level 4!
Your Armour skill increases to level 7!
Your Shields skill increases to level 7!
You have reached level 4!
You feel stronger.
* * * LOW HITPOINT WARNING * * *
You feel sick.
You feel a strong urge to attack something.
You die...

############
#_________.#
#_________.#
#_______...###########
##########'##.........
#.?(.')))'.##......#..
##########.##.........
#....@......'.........
#+#####'#####......#..
#.†# #......... +..#
####'##### ####
#.......# #.......#
#.......# #...<...#
#.......#


There were no monsters in sight!

Vanquished Creatures
  2 scorpions (D)
  A rat (D)
3 creatures vanquished.

Notes
Turn   | Place    | Note
-------+----------+-------------------------------------------
     0 | D        | mhtbhm the Minotaur Fighter began the quest for the Orb.
     0 | D        | Reached XP level 1. HP: 19/19 MP: 0/0
    22 | D        | Found a bloodstained altar of Trog.
    22 | D        | Found a shimmering blue altar of Sif Muna.
    22 | D        | Found a viscous altar of Jiyva.
    22 | D        | Found a hazy altar of Hepliaklqana.
    22 | D        | Found an opulent altar of Gozag.
    23 | D        | Found a glowing golden altar of the Shining One.
    23 | D        | Found a glowing silver altar of Zin.
    23 | D        | Found a basalt altar of Yredelemnul.
    23 | D        | Found a shimmering altar of Xom.
    23 | D        | Found an ornate altar of the Wu Jian Council.
    23 | D        | Found a sacrificial altar of Ru.
    23 | D        | Found a stormy altar of Qazlal.
    23 | D        | Found an iron altar of Okawaru.
    23 | D        | Found a sparkling altar of Nemelex Xobeh.
    23 | D        | Found a burning altar of Makhleb.
    23 | D        | Found a blossoming altar of Fedhas.
    23 | D        | Found a white marble altar of Elyvilon.
    23 | D        | Found a shadowy altar of Dithmenos.
    23 | D        | Found a snail-covered altar of Cheibriados.
    25 | D        | Found a radiant altar of Vehumet.
    25 | D        | Found a corrupted altar of Lugonu.
    26 | D        | Found a hide-covered altar of Uskayaw.
    26 | D        | Found an ancient bone altar of Kikubaaqudgha.
    26 | D        | Found a broken altar of Ashenzari.
    44 | D        | Became a worshipper of Qazlal Stormbringer
    82 | D        | Noticed a scorpion
    82 | D        | Noticed a scorpion
    88 | D        | Killed a scorpion
    89 | D        | Reached skill level 5 in Fighting
    89 | D        | Reached XP level 2. HP: 17/30 MP: 1/1
    89 | D        | Reached XP level 3. HP: 21/37 MP: 2/2
    91 | D        | Killed a scorpion
    92 | D        | Reached XP level 4. HP: 4/45 MP: 3/3
    92 | D        | HP: 2/67 [poisoned by a scorpion]
    93 | D        | Succumbed to a scorpion's poison

Illustrated notes

Levels and vault maps discovered:
D:        pitsprint [storerooms_1, entrance_room_1, metal_vault_2, armoury_1,
          mini_pit_1, grid_room_1, main_hall_1, silver_pit, the_coven_3,
          the_vestibule_1, steel_vault_1, golden_pit, hallway_of_sentries,
          crystal_vault_5, iron_vault_5, final_vault]

Skill      XL: |  1  2  3 |
---------------+----------+-----
Fighting       | 5 6 |  6.9
Axes           | 3 4 |  4.2
Armour         | 6 7 |  7.1
Shields        | 6 7 |  7.2

Action                   |  1- 3 |  4- 6 || total
-------------------------+-------+-------++-------
Melee: Hand axe          |     7 |       ||     7
       War axe           |     1 |       ||     1
       Headbutt          |     1 |       ||     1
  Use: Potion            |     1 |       ||     1
Armor: Scale mail        |     3 |       ||     3
Dodge: Dodged            |     1 |       ||     1
Block: Kite shield       |     3 |       ||     3

Table legend: (Time is in decaauts)
 A = Elapsed time spent in this place.
 B = Non-inter-level travel time spent in this place.
 C = Inter-level travel time spent in this place.
 D = Time resting spent in this place.
 E = Time spent auto-exploring this place.
 F = Levels seen in this place.
 G = Mean time per level.
                   A        B        C        D        E       F      G
               +--------+--------+--------+--------+--------+-----+--------+
         Total |     91 |     91 |      0 |      0 |      0 |   1 |   91.0 |
       Dungeon |     91 |     91 |      0 |      0 |      0 |   1 |   91.0 |
               +--------+--------+--------+--------+--------+-----+--------+

Top non-repeatable levels by time:
       D: 91 daAuts
